 Dungeon Crawl Stone Soup version 0.29.0-11-gd7f09526c8 (webtiles) character file.

Game seed: 14012800306940951562

60 Ashen the Chiller (level 3, -1/26 HPs)
             Began as a Demonspawn Ice Elementalist on Sept 6, 2022.
             Slain by Natasha (7 damage)
             ... on level 3 of the Dungeon.
             The game lasted 00:03:27 (2223 turns).

Ashen the Chiller (Demonspawn Ice Elementalist)     Turns: 2223, Time: 00:03:28

Health: -1/26      AC:  2    Str:  8    XL:     3   Next: 80%
Magic:  6/6        EV: 12    Int: 18    God:
Gold:   108        SH:  0    Dex: 13    Spells: 0/7 levels left

rFire   . . .      SeeInvis .   q - +0 hand axe (venom)
rCold   . . .      Faith    .   (no shield)
rNeg    . . .      Spirit   .   a - +0 robe
rPois   .          Reflect  .   (helmet restricted)
rElec   .          Harm     .   (no cloak)
rCorr   .          Rampage  .   (no gloves)
Will    .....                   (no boots)
Stlth   ++........              (no amulet)
HPRegen 0.08/turn               (no ring)
MPRegen 0.10/turn               (no ring)

@: slowed, very slow
A: horns 1
a: no special abilities


You were on level 3 of the Dungeon.
You visited 1 branch of the dungeon, and saw 3 of its levels.

You collected 108 gold pieces.

Inventory:

Hand Weapons
 f - a +0 spear
 n - a +0 broad axe
 q - a +0 hand axe of venom (weapon)
Armour
 a - a +0 robe (worn)
Wands
 o - a wand of flame (14)
 x - a wand of charming (8)
Scrolls
 d - a scroll of noise {unknown}
 e - a scroll of poison {unknown}
 g - 2 scrolls of immolation {unknown}
 h - a scroll of enchant armour {unknown}
 j - a scroll of fog {unknown}
 s - a scroll of enchant weapon {unknown}
 u - a scroll of identify {unknown}
Potions
 b - a potion of magic
 c - 3 potions of lignification {unknown}
 i - a potion of brilliance {unknown}
 k - 3 potions of heal wounds {unknown}
 l - a potion of haste {unknown}
 m - a potion of mutation {unknown}
 p - 2 potions of degeneration {unknown}
 r - 2 potions of curing {unknown}
 t - a potion of attraction {unknown}
 v - 3 potions of flight {unknown}
 w - a potion of ambrosia {unknown}


   Skills:
 + Level 1.1 Fighting
 + Level 2.3 Dodging
 + Level 2.4 Stealth
 + Level 2.5 Spellcasting
 + Level 3.9 Ice Magic


You couldn't memorise any spells.
You knew the following spells:

 Your Spells              Type           Power      Damage    Failure   Level
a - Freeze                Ice            64%        1d8       3%          1
b - Frozen Ramparts       Ice            32%        1d5       11%         3
c - Ozocubu's Armour      Ice            16%        N/A       11%         3

Your spell library contained the following spells:

 Spells                   Type           Power      Damage    Failure   Level
 Magic Dart               Conj           8%         1d3       17%         1
 Call Imp                 Summ           2%         N/A       26%         2
 Mephitic Cloud           Conj/Pois/Air  2%         N/A       45%         3
 Hailstorm                Conj/Ice       9%         3d4       58%         4


Dungeon Overview and Level Annotations

Branches:
Dungeon (3/15)

Altars:

Annotations:
D:3 Natasha


Innate Abilities, Weirdness & Mutations

You have a pair of small horns on your head.


Message History

Done exploring.
No target in view!
Done exploring.
There is a stone staircase leading down here.
You climb downwards.
There is a stone staircase leading up here.
Natasha, Servant of Life and Death comes into view.
Natasha is nearby!
Natasha hisses angrily.
Natasha casts a spell.
Found 12 gold pieces.
Natasha claws you!
You closely miss Natasha. Natasha claws you. Natasha closely misses you.
You hit Natasha.
Natasha is heavily wounded.
You closely miss the crimson imp. The crimson imp hits you.
Natasha closely misses you.
You closely miss Natasha.
Natasha is heavily wounded.
You hit the crimson imp but do no damage.
The crimson imp is poisoned.
The crimson imp hits you. Natasha barely misses you.
You closely miss Natasha.
Natasha is heavily wounded.
You hit the crimson imp.
The crimson imp looks even sicker.
The crimson imp barely misses you. Natasha barely misses you.
The crimson imp hits you. Natasha barely misses you.
You barely miss Natasha.
Natasha is heavily wounded.
You hit the crimson imp but do no damage.
The crimson imp hits you.
Natasha stares at you and mumbles some strange words.
You feel yourself slow down.
You barely miss Natasha.
Natasha is heavily wounded.
You hit the crimson imp. The crimson imp hits you.
* * * LOW HITPOINT WARNING * * *
Natasha claws you but does no damage. The crimson imp hits you.
* * * LOW HITPOINT WARNING * * *
Natasha claws you!
You die...

####### #####
##.....##.....
##.............
#..............
#<......5......
#......@h......
#..............
#..............
#..............
##............$
##.....#......
#######..#.#.
.....


You could see Natasha and a crimson imp (summoned, very poisoned).

Vanquished Creatures
  A gnoll (D:1)
  6 endoplasms
  4 giant cockroaches
  4 hobgoblins
  6 jackals (D:1)
  3 ball pythons
  5 bats
  3 frilled lizards
  3 goblins (D:1)
  4 kobolds
  6 rats
45 creatures vanquished.

Notes
Turn   | Place    | Note
-------+----------+-------------------------------------------
     0 | D:1      | Ashen the Demonspawn Ice Elementalist began the quest for
                  | the Orb.
     0 | D:1      | Reached XP level 1. HP: 13/13 MP: 3/3
   410 | D:1      | Discovered your monstrous ancestry.
   410 | D:1      | Gained mutation: You have a pair of small horns on your
                  | head. [demonic ancestry]
   410 | D:1      | Reached XP level 2. HP: 19/19 MP: 5/5
   750 | D:1      | Reached XP level 3. HP: 16/25 MP: 0/6
   754 | D:1      | Learned a level 3 spell: Frozen Ramparts
  1412 | D:1      | Reached skill level 1 in Fighting
  1602 | D:2      | Found a faded altar of an unknown god.
  1785 | D:2      | Learned a level 3 spell: Ozocubu's Armour
  2213 | D:3      | Noticed Natasha
  2223 | D:3      | Slain by Natasha

Illustrated notes

Levels and vault maps discovered:
D:1:      dpeg_arrival_refuge, layout_basic
D:2:      kennysheep_big_flooded_room, layout_rooms,
          hellmonk_ecumenical_altar_lost_god
D:3:      layout_rooms, minmay_misc_feat_five, uniq_natasha, uniq_sigmund

Skill      XL: |  1  2  3 |
---------------+----------+-----
Stealth        | 2 |  2.4
Dodging        | 2 |  2.3
Fighting       | 1 |  1.1
Spellcasting   | |  2.5
Ice Magic      | |  3.9

Action                   || total
-------------------------++-------
Melee: Spear             ||    77
       Unarmed           ||     5
       Headbutt          ||     7
       Hand axe          ||    31
 Cast: Freeze            ||    30
 Stab: Sleeping          ||     8
Armor: Robe              ||    24
Dodge: Dodged            ||    81
